 Dungeon Crawl Stone Soup version 0.27.1-1-g398f81649c (webtiles) character file.

Game seed: 3132147301842455792

225 szrap the Insei (level 6, -7/47 HPs)
             Began as a Gnoll Transmuter on Sept 15, 2021.
             Was a Follower of Cheibriados.
             Mangled by a wyvern (8 damage)
             ... on level 3 of the Dungeon.
             The game lasted 00:10:12 (3294 turns).

szrap the Insei (Gnoll Transmuter)                  Turns: 3294, Time: 00:10:13

Health: -7/47      AC:  4    Str: 12    XL:     6   Next: 1%
Magic:  9/13       EV: 13    Int: 18    God:    Cheibriados [*.....]
Gold:   125        SH:  0    Dex: 15    Spells: 5/15 levels left

rFire    . . .     SeeInvis .   l - +0 long sword
rCold    . . .     Faith    .   (no shield)
rNeg     . . .     Spirit   .   g - +0 leather armour
rPois    .         Reflect  .   (helmet currently unavailable)
rElec    .         Harm     .   h - +0 cloak
rCorr    .         Rampage  .   (no gloves)
Will     .....                  (boots currently unavailable)
Stlth    ++........             (no amulet)
HPRegen  0.15/turn              (no ring)
MPRegen  0.13/turn              (no ring)

@: appendages (expiring), very slow
A: horns 2, talons 2, fangs 1, strong nose, distributed training
a: End Transformation, Renounce Religion, Bend Time


You were on level 3 of the Dungeon.
You worshipped Cheibriados.
Cheibriados was aware of your devotion.
You had temporarily grown beastly horns and talons.
You visited 1 branch of the dungeon, and saw 4 of its levels.

You collected 125 gold pieces.

Inventory:

Hand Weapons
 l - a +0 long sword (weapon)
Armour
 a - a +0 robe
 d - a +0 chain mail
 f - a +0 ring mail
 g - a +0 leather armour (worn)
 h - a +0 cloak (worn)
Wands
 i - a wand of polymorph (5)
Scrolls
 b - a scroll of immolation
 k - a scroll of identify
Potions
 c - a potion of lignification
 j - a potion of curing


   Skills:
 + Level 3.1 Fighting
 + Level 1.7 Short Blades
 + Level 1.7 Long Blades
 + Level 1.7 Axes
 + Level 1.7 Maces & Flails
 + Level 1.7 Polearms
 + Level 1.7 Staves
 + Level 1.7 Slings
 + Level 1.7 Bows
 + Level 1.7 Crossbows
 + Level 1.7 Throwing
 + Level 1.7 Armour
 + Level 4.9 Dodging
 + Level 1.7 Stealth
 + Level 1.7 Shields
 + Level 6.7 Unarmed Combat
 + Level 5.3 Spellcasting
 + Level 1.3 Conjurations
 + Level 1.3 Hexes
 + Level 1.3 Summonings
 + Level 1.3 Necromancy
 + Level 1.3 Translocations
 + Level 4.0 Transmutations
 + Level 1.3 Fire Magic
 + Level 1.3 Ice Magic
 + Level 1.3 Air Magic
 + Level 1.3 Earth Magic
 + Level 1.3 Poison Magic
 + Level 2.0 Invocations
 + Level 1.7 Evocations


You had 5 spell levels left.
You knew the following spells:

 Your Spells              Type           Power      Damage    Failure   Level
a - Beastly Appendage     Tmut           38%        N/A       3%          1
b - Wereblood             Tmut           19%        N/A       4%          2
c - Spider Form           Tmut/Pois      7%         N/A       16%         3
d - Ice Form              Ice/Tmut       14%        N/A       47%         4

Your spell library contained the following spells:

 Spells                   Type           Power      Damage    Failure   Level


Dungeon Overview and Level Annotations

Branches:
Dungeon (4/15)
 Temple: D:4-7

Altars:
Cheibriados

Annotations:
D:4 Ijyb


Innate Abilities, Weirdness & Mutations

You have temporarily grown beastly horns and talons.
You have very sharp teeth.
Your uncanny sense of smell can sniff out nearby items.
Your experience applies equally to all skills.


Message History

Your transformation is almost over.
You hear a shout!
Ijyb the Twisted Goblin comes into view.
She is wielding a +0 dagger, wearing a +2 leather armour of cold resistance and carrying a wand of charming (11).
A dart slug comes into view.
The wyvern bites you!
Your Invocations skill increases to level 2!
You have reached level 6!
Your experience leads to an increase in your attributes!
Your base attributes are Str 9, Int 14, Dex 12.
Increase (S)trength, (I)ntelligence, or (D)exterity?
You feel clever. The flow of time bends around you.
Cheibriados rebukes the wyvern.
The wyvern seems to slow down.
You howl as the wereblood boils in your veins!
The wyvern bites you but does no damage.
The dart slug launches a dart at you. The slug dart hits you.
You howl as the wereblood boils in your veins!
Your primal bloodlust is almost over.
The wyvern barely misses you.
You riposte.
You hit the wyvern.
You headbutt the wyvern, but do no damage.
You bite the wyvern, but do no damage.
The wyvern is lightly wounded.
There is a stone staircase leading up here.
The wyvern bites you!
* * * LOW HITPOINT WARNING * * *
You climb upwards.
You howl as the wereblood boils in your veins!
There is a stone staircase leading down here.
You hit the wyvern. Your kick misses the wyvern.
The wyvern is lightly wounded.
The wyvern bites you!
* * * LOW HITPOINT WARNING * * *
Your leather armour prevents you from hitting the wyvern.
You claw the wyvern. Your bite misses the wyvern.
The wyvern is moderately wounded.
Your primal bloodlust has ended.
The wyvern bites you!
You die...

#...........#...........##..##.##
#..........................###.#
...........#(.........#....# #.#
...####..####..........#...###.#
##........................>..#.#
####....##..#..........#####.#.#
.....#.......#......#...## #...#
#######.###......l..##...# ##..#
#...###....@#####...# #..# #...#
#.###...#####.####.†## #...###.#
###.........##.... ######...#...#
######..........
.........#.############..........
######.................[...###...
#...################### ##..
#...# #.. #...# ###


You could see a wyvern (slow).

Vanquished Creatures
  A sky beast (D:3)
  8 adders
  2 dart slugs (D:3)
  7 ball pythons
  5 endoplasms
  A giant cockroach (D:3)
  3 goblins
  5 hobgoblins
  6 jackals
  2 quokkas
  3 bats
  2 frilled lizards
  6 kobolds
  7 rats
58 creatures vanquished.

Notes
Turn   | Place    | Note
-------+----------+-------------------------------------------
     0 | D:1      | szrap the Gnoll Transmuter began the quest for the Orb.
     0 | D:1      | Reached XP level 1. HP: 17/17 MP: 6/6
   335 | D:1      | Reached XP level 2. HP: 23/23 MP: 5/7
   784 | D:1      | Learned a level 2 spell: Wereblood
  1011 | D:2      | Noticed a necrophage
  1135 | D:2      | Found a snail-covered altar of Cheibriados.
  1200 | D:2      | Became a worshipper of Cheibriados the Contemplative
  1232 | D:2      | Reached XP level 3. HP: 18/28 MP: 6/9
  1244 | D:2      | Reached skill level 5 in Spellcasting
  1362 | D:2      | Reached skill level 1 in Invocations
  1574 | D:2      | Learned a level 3 spell: Spider Form
  1748 | D:2      | Reached skill level 1 in Short Blades
  1748 | D:2      | Reached skill level 1 in Long Blades
  1748 | D:2      | Reached skill level 1 in Axes
  1748 | D:2      | Reached skill level 1 in Maces & Flails
  1748 | D:2      | Reached skill level 1 in Polearms
  1748 | D:2      | Reached skill level 1 in Staves
  1748 | D:2      | Reached skill level 1 in Slings
  1748 | D:2      | Reached skill level 1 in Bows
  1748 | D:2      | Reached skill level 1 in Crossbows
  1748 | D:2      | Reached skill level 1 in Throwing
  1748 | D:2      | Reached skill level 1 in Armour
  1748 | D:2      | Reached skill level 1 in Stealth
  1748 | D:2      | Reached skill level 1 in Shields
  1748 | D:2      | Reached skill level 1 in Evocations
  1859 | D:2      | Reached * piety under Cheibriados
  1860 | D:2      | Reached XP level 4. HP: 27/34 MP: 8/11
  2007 | D:2      | Learned a level 4 spell: Ice Form
  2030 | D:2      | Found a faded altar of an unknown god.
  2374 | D:3      | Noticed a sky beast
  2488 | D:3      | Reached skill level 1 in Conjurations
  2488 | D:3      | Reached skill level 1 in Hexes
  2488 | D:3      | Reached skill level 1 in Summonings
  2488 | D:3      | Reached skill level 1 in Necromancy
  2488 | D:3      | Reached skill level 1 in Translocations
  2488 | D:3      | Reached skill level 1 in Fire Magic
  2488 | D:3      | Reached skill level 1 in Ice Magic
  2488 | D:3      | Reached skill level 1 in Air Magic
  2488 | D:3      | Reached skill level 1 in Earth Magic
  2488 | D:3      | Reached skill level 1 in Poison Magic
  2619 | D:3      | Killed a sky beast
  2620 | D:3      | Reached XP level 5. HP: 17/41 MP: 9/12
  3285 | D:4      | Noticed a wyvern
  3287 | D:4      | Noticed Ijyb
  3288 | D:4      | Reached XP level 6. HP: 30/47 MP: 11/13
  3293 | D:3      | HP: 1/47 [wyvern (12)]
  3294 | D:3      | Mangled by a wyvern

Illustrated notes

Levels and vault maps discovered:
D:1:      minmay_arrival_checkered_box, layout_loops_ring
D:2:      layout_basic, basic_altar, shapermc_ecumenical_altar_venn,
          st_stairs_12
D:3:      layout_rooms, minmay_misc_feat_rows
D:4:      layout_cave_pools, nicolae_overflow_crystal_walls,
          nicolae_uskayaw_en_pointe, cheibrodos_sewer_entry_sluice, uniq_ijyb

Skill      XL: |  1  2  3  4  5 |
---------------+----------------+-----
Spellcasting   | 5 |  5.3
Invocations    | 1 2 |  2.0
Short Blades   | 1 |  1.7
Long Blades    | 1 |  1.7
Axes           | 1 |  1.7
Maces & Flails | 1 |  1.7
Polearms       | 1 |  1.7
Staves         | 1 |  1.7
Slings         | 1 |  1.7
Bows           | 1 |  1.7
Crossbows      | 1 |  1.7
Throwing       | 1 |  1.7
Armour         | 1 |  1.7
Stealth        | 1 |  1.7
Shields        | 1 |  1.7
Evocations     | 1 |  1.7
Conjurations   | 1 |  1.3
Hexes          | 1 |  1.3
Summonings     | 1 |  1.3
Necromancy     | 1 |  1.3
Translocations | 1 |  1.3
Fire Magic     | 1 |  1.3
Ice Magic      | 1 |  1.3
Air Magic      | 1 |  1.3
Earth Magic    | 1 |  1.3
Poison Magic   | 1 |  1.3
Fighting       | 3 |  3.1
Transmutations | 4 |  4.0
Dodging        | |  4.9
Unarmed Combat | |  6.7

Action                   |  1- 3 |  4- 6 || total
-------------------------+-------+-------++-------
Melee: Unarmed           |    69 |    47 ||   116
       Kick              |    12 |    10 ||    22
       Headbutt          |     2 |     9 ||    11
       Bite              |     5 |    10 ||    15
       Punch             |     2 |       ||     2
       Long sword        |       |    18 ||    18
 Cast: Beastly Appendage |    16 |    15 ||    31
       Wereblood         |    10 |    13 ||    23
Invok: Bend Time         |       |     1 ||     1
  Use: Scroll            |       |     5 ||     5
 Stab: Sleeping          |     1 |       ||     1
Armor: Robe              |     8 |       ||     8
       Leather armour    |     4 |    19 ||    23
Dodge: Dodged            |    47 |    41 ||    88
       Rpst.: Long sword |       |     4 ||     4
